[Event "Titled Tuesday Blitz August 24 2021"]
[White "Tymrakiewicz, Rafal"]
[Black "Shahade, Gregory"]
[WhiteFideId "1108832"]
[BlackFideId "2009064"]
[WhiteElo "2172"]
[BlackElo "2690"]
[Result "0-1"]
[Round "01"]
[TimeControl "180+1"]
[Date "2021.08.24"]
[WhiteClock "0:00:09"]
[BlackClock "0:00:07"]

1. d4 Nf6 2. Bg5 c5 3. e3 d5 4. c3 Nc6 5. Nd2 e5 6. dxe5 Nxe5 7. Ngf3 Bd6 8. Nxe5 Bxe5 9. Nf3 Bc7 10. Bb5+ Kf8 11. Bxf6 gxf6 12. O-O Rg8 13. g3 a6 14. Be2 Bh3 15. Re1 Qd7 16. c4 dxc4 17. Qxd7 Bxd7 18. Bxc4 Bc6 19. Kg2 b5 20. Bd3 Rd8 21. Red1 h5 22. h4 Be5 23. Bh7 Rxd1 24. Rxd1 Rg4 25. Bf5 Ra4 26. Bd7 Bxf3+ 27. Kxf3 Rxa2 28. b3 Rb2 29. Bc8 Rxb3 30. Rd8+ Kg7 31. Bxa6 c4 32. Rc8 c3 33. Ke4 b4 34. f4 Bd6 35. Rc6 Bf8 36. Rc7 c2 37. Rxc2 Ra3 38. Bc4 Bc5 39. Re2 b3 40. Rb2 Ra4 41. Kd5 Bxe3 42. Rxb3 Bf2 43. Rd3 Ra1 44. Ke4 Rg1 45. Rd7 Bxg3 46. Kf5 Bxh4 47. Rxf7+ Kh6 48. Rxf6+ Bxf6 49. Kxf6 Rc1 50. Be6 h4 51. Ke5 Re1+ 52. Kf6 Rxe6+ 53. Kxe6 h3 54. f5 h2 55. f6 h1=Q 56. f7 Qa8 57. Ke7 Kg7 58. f8=Q+ Qxf8+ 0-1


[Site "https://www.chess.com"]

[Event "Titled Tuesday Blitz August 24 2021"]
[White "Urazayev, Arystanbek"]
[Black "Gracia Alvarez, Gerardo Antonio"]
[WhiteFideId "13709810"]
[BlackFideId "5109124"]
[WhiteElo "2321"]
[BlackElo "2148"]
[Result "1-0"]
[Round "01"]
[TimeControl "180+1"]
[Date "2021.08.24"]
[WhiteClock "0:02:15"]
[BlackClock "0:01:41"]

1. e4 c5 2. Nf3 Nc6 3. Bb5 g6 4. O-O Bg7 5. c3 Nf6 6. e5 Nd5 7. d4 cxd4 8. cxd4 O-O 9. Nc3 Nc7 10. Bf4 Nxb5 11. Nxb5 Qb6 12. a4 a6 13. Na3 d5 14. exd6 Bg4 15. dxe7 Nxe7 16. Nc4 Qb4 17. b3 Rfd8 18. Bd2 1-0


[Site "https://www.chess.com"]

[Event "Titled Tuesday Blitz August 24 2021"]
[White "Urquhart, Ed"]
[Black "Kuzubov, Yuriy"]
[WhiteFideId "2603748"]
[BlackFideId "14112906"]
[WhiteElo "2184"]
[BlackElo "2564"]
[Result "0-1"]
[Round "01"]
[TimeControl "180+1"]
[Date "2021.08.24"]
[WhiteClock "0:00:33"]
[BlackClock "0:00:18"]

1. e4 e5 2. Nf3 Nf6 3. Nxe5 d6 4. Nf3 Nxe4 5. Nc3 Nxc3 6. dxc3 Be7 7. Be3 O-O 8. Qd2 Nd7 9. O-O-O Re8 10. h4 c6 11. h5 h6 12. g4 Nf6 13. g5 Ne4 14. Qd4 Nxg5 15. Nxg5 Bxg5 16. Bxg5 Qxg5+ 17. Kb1 Qe5 18. Qd2 Bg4 19. Rc1 Qf6 20. Bd3 Re5 21. Rcg1 Rxh5 22. a3 Rxh1 23. Rxh1 Re8 24. f4 d5 25. Qg2 h5 26. Qg3 d4 27. c4 Re3 28. Qh2 Qd6 29. Rg1 g6 30. Rf1 f5 31. Qh4 Qe7 32. Qf2 Kg7 33. Qd2 h4 34. Qa5 b6 35. Qa6 c5 36. Qc8 h3 37. Qc6 h2 38. Rh1 Re1+ 39. Ka2 Rxh1 40. Qxh1 Qh4 41. Qb7+ Kh6 42. Qf7 Qd8 43. Qd5 Qxd5 0-1


[Site "https://www.chess.com"]

[Event "Titled Tuesday Blitz August 24 2021"]
[White "Vazquez, Facundo"]
[Black "Le, Tuan Minh"]
[WhiteFideId "3007669"]
[BlackFideId "12401153"]
[WhiteElo "1984"]
[BlackElo "2450"]
[Result "0-1"]
[Round "01"]
[TimeControl "180+1"]
[Date "2021.08.24"]
[WhiteClock "0:00:07"]
[BlackClock "0:00:04"]

1. d4 d5 2. c4 c6 3. Nc3 Nf6 4. e3 a6 5. cxd5 cxd5 6. f4 Bf5 7. Nf3 Nc6 8. Bd3 Bxd3 9. Qxd3 e6 10. O-O Bb4 11. Ne5 Rc8 12. Bd2 O-O 13. Rf3 Bxc3 14. Bxc3 Ne4 15. f5 Nxe5 16. dxe5 Nxc3 17. bxc3 Qc7 18. e4 Qxe5 19. exd5 exd5 20. f6 g6 21. Raf1 h5 22. Re3 Qd6 23. Rg3 Kh7 24. Rg5 Qc5+ 25. Kh1 Qxc3 26. Rxh5+ Kg8 27. Rxd5 Rfe8 28. Qxc3 Rxc3 29. h3 Rc2 30. a4 Ree2 31. Rd8+ Kh7 32. Rf4 g5 33. Rg4 Kg6 34. Rd5 Kxf6 35. Rdxg5 Rb2 36. Rd5 Ke6 37. Rdd4 b5 38. axb5 axb5 39. h4 f5 40. Rg6+ Ke5 41. Rdd6 Re1+ 42. Kh2 Re4 43. Rde6+ Kf4 44. Rxe4+ fxe4 45. h5 Kf5 46. Rg8 e3 47. h6 e2 48. h7 e1=Q 49. h8=Q Qe5+ 50. Rg3 Qxh8+ 0-1


[Site "https://www.chess.com"]

[Event "Titled Tuesday Blitz August 24 2021"]
[White "Vusatiuk, Vladimir"]
[Black "Samsonkin, Artiom"]
[WhiteFideId "14118610"]
[BlackFideId "13503111"]
[WhiteElo "2167"]
[BlackElo "2513"]
[Result "1/2-1/2"]
[Round "01"]
[TimeControl "180+1"]
[Date "2021.08.24"]
[WhiteClock "0:00:23"]
[BlackClock "0:00:11"]

1. d4 Nf6 2. c4 e6 3. Nc3 Bb4 4. Qc2 O-O 5. e4 d6 6. Nf3 Nc6 7. Bd3 Ba5 8. a3 e5 9. dxe5 dxe5 10. Bg5 Bg4 11. Bxf6 Qxf6 12. Be2 Bxf3 13. Bxf3 Nd4 14. Qd1 c6 15. b4 Bc7 16. O-O Rad8 17. Bg4 g6 18. Ra2 h5 19. Bh3 Kg7 20. Rd2 Qf4 21. Kh1 g5 22. g3 Qf3+ 23. Qxf3 Nxf3 24. Rxd8 Rxd8 25. Bg2 Nd2 26. Rc1 Nxc4 27. a4 Bb6 28. b5 Bxf2 29. bxc6 bxc6 30. Nd1 Be3 31. Nxe3 Nxe3 32. Bf3 g4 33. Be2 Rd2 34. Bf1 c5 35. Bb5 a5 36. Ba6 Kg6 37. Kg1 Rd1+ 38. Rxd1 Nxd1 39. Bb7 Nc3 40. Bc6 Kf6 41. Kf2 Ke6 42. Ke3 Kd6 43. Be8 Ke7 44. Bc6 c4 45. Kd2 Kd6 46. Kxc3 Kxc6 47. Kxc4 f6 48. Kd3 Kd6 49. Kc4 Ke6 50. Kb5 f5 51. exf5+ Kd5 52. Kxa5 e4 53. Kb4 Kd4 54. f6 e3 55. f7 e2 56. f8=Q e1=Q+ 57. Kb5 Qe2+ 58. Ka5 Qxh2 59. Qf4+ Kd3 60. Ka6 Ke2 61. a5 Qf2 62. Qe4+ Qe3 63. Qc2+ Kf3 64. Qf5+ Kxg3 65. Qxh5 Kf3 66. Kb7 Qe7+ 67. Kb6 Qe6+ 68. Kb7 Qe7+ 69. Kb6 Qb4+ 70. Qb5 Qd6+ 71. Qc6+ Qxc6+ 72. Kxc6 g3 73. a6 g2 74. a7 g1=Q 75. a8=Q Qc1+ 76. Kb7 Qb2+ 77. Ka7+ Ke3 78. Qe8+ Kd3 79. Qd7+ Qd4+ 80. Qxd4+ Kxd4 1/2-1/2


[Site "https://www.chess.com"]

[Event "Titled Tuesday Blitz August 24 2021"]
[White "Weetik, Vjacheslav"]
[Black "Zong, Davis"]
[WhiteFideId "4153472"]
[BlackFideId "30903955"]
[WhiteElo "2469"]
[BlackElo "2401"]
[Result "1-0"]
[Round "01"]
[TimeControl "180+1"]
[Date "2021.08.24"]
[WhiteClock "0:00:06"]
[BlackClock "0:00:08"]

1. d4 d5 2. Bf4 Nf6 3. e3 c5 4. c3 Nc6 5. Nd2 e6 6. Bd3 Bd6 7. Bxd6 Qxd6 8. f4 O-O 9. Ngf3 b6 10. O-O Bb7 11. Ne5 Ne7 12. Qf3 Qc7 13. g4 Rad8 14. g5 Ne4 15. Nxe4 dxe4 16. Bxe4 Bxe4 17. Qxe4 Nf5 18. Rae1 Kh8 19. Qg2 cxd4 20. exd4 f6 21. Nd3 Qc4 22. Qe4 Nxd4 23. Nc1 f5 24. Qe5 Rd5 25. Qe3 Nc6 26. Qxe6 Qc5+ 27. Kg2 Rd2+ 28. Re2 Rfd8 29. Rff2 Rxe2 30. Rxe2 g6 31. Nb3 Qd5+ 32. Qxd5 Rxd5 33. Kf3 Rd3+ 34. Re3 Rd1 35. Re6 Na5 36. Nxa5 bxa5 37. Re8+ Kg7 38. Re7+ Kg8 39. Rxa7 Rd2 40. b4 Rxa2 41. Rxa5 Rxh2 42. Ra7 Rh3+ 43. Ke2 Rxc3 44. b5 Rb3 45. Rb7 Kf8 46. b6 Kg8 47. Kd2 Rb4 48. Kc3 Rxf4 49. Rd7 Rf3+ 50. Kc4 Rf1 51. b7 Rb1 52. Kc5 f4 53. Rd8+ Kf7 54. b8=Q Rxb8 55. Rxb8 Ke6 56. Kd4 Kf5 57. Rf8+ Kxg5 58. Ke4 h5 59. Rxf4 h4 60. Kf3 Kh5 61. Rc4 g5 62. Rb4 h3 63. Kg3 Kg6 64. Kxh3 Kf5 65. Kg3 1-0


[Site "https://www.chess.com"]

[Event "Titled Tuesday Blitz August 24 2021"]
[White "Yanchenko, Roman"]
[Black "Shafigullina, Zarina"]
[WhiteFideId "4137329"]
[BlackFideId "24174220"]
[WhiteElo "2514"]
[BlackElo "2087"]
[Result "1-0"]
[Round "01"]
[TimeControl "180+1"]
[Date "2021.08.24"]
[WhiteClock "0:01:07"]
[BlackClock "0:00:12"]

1. d4 Nf6 2. c4 e6 3. Nf3 b6 4. Nc3 Bb7 5. Bg5 Be7 6. e3 c5 7. Be2 cxd4 8. exd4 d5 9. O-O O-O 10. Ne5 Ne4 11. Bxe7 Qxe7 12. Bf3 f6 13. Bxe4 dxe4 14. Ng4 Nd7 15. d5 f5 16. Ne3 f4 17. Nc2 exd5 18. Nxd5 Qg5 19. Nxf4 Ne5 20. Ne6 Qh4 21. Nxf8 Nf3+ 22. gxf3 exf3 23. Ne3 Re8 24. Qd6 Rxf8 25. Kh1 Rf6 26. Qb8+ Kf7 27. Qxb7+ Kf8 28. Rg1 g5 29. Rg3 1-0


[Site "https://www.chess.com"]

[Event "Titled Tuesday Blitz August 24 2021"]
[White "Yirik, Volkan"]
[Black "Ibrahimli, Murad"]
[WhiteFideId "6300782"]
[BlackFideId "13410229"]
[WhiteElo "2419"]
[BlackElo "2109"]
[Result "0-1"]
[Round "01"]
[TimeControl "180+1"]
[Date "2021.08.24"]
[WhiteClock "0:00:39"]
[BlackClock "0:00:34"]

1. e4 c5 2. Nc3 Nc6 3. f4 g6 4. Bc4 Bg7 5. Nf3 e6 6. O-O Nge7 7. d3 d5 8. Bb3 b5 9. Nxb5 O-O 10. Nc3 Na5 11. Bd2 c4 12. Ba4 cxd3 13. cxd3 Ba6 14. Bc1 dxe4 15. Nxe4 Bxd3 16. Re1 Rc8 17. Nf2 Ba6 18. Qxd8 Rfxd8 19. Be3 Bxb2 20. Rab1 Nc4 21. Bxa7 Rc7 22. Bb3 Rxa7 23. Bxc4 Bxc4 24. Rxb2 Rxa2 25. Rxa2 Bxa2 26. Ne4 Kg7 27. Re2 Bd5 28. Rd2 Rb8 29. Re2 h6 30. Ned2 Nc6 31. h3 Rb2 32. Kf2 Nb4 33. Nf1 Nd3+ 34. Ke3 Rxe2+ 35. Kxe2 Nxf4+ 36. Kf2 Bxf3 37. Kxf3 Nd5 38. Nd2 f5 39. g4 Kf6 40. gxf5 gxf5 41. Nc4 e5 42. Kg3 e4 43. Nd6 f4+ 44. Kg4 Ke5 45. Nf7+ Kd4 46. Nxh6 f3 47. Nf5+ Kd3 48. Kg3 e3 49. Nh4 f2 50. Kg2 Nf4+ 51. Kf1 Ke4 0-1


[Site "https://www.chess.com"]

[Event "Titled Tuesday Blitz August 24 2021"]
[White "Yoo, Christopher Woojin"]
[Black "Avramidou, Anastasia"]
[WhiteFideId "30909694"]
[BlackFideId "4239873"]
[WhiteElo "2105"]
[BlackElo "2183"]
[Result "0-1"]
[Round "01"]
[TimeControl "180+1"]
[Date "2021.08.24"]
[WhiteClock "0:00:02"]
[BlackClock "0:00:11"]

1. d4 Nf6 2. Nf3 e6 3. c4 d5 4. Nc3 dxc4 5. Qa4+ Nbd7 6. e4 c6 7. Qxc4 Be7 8. g3 O-O 9. Bg2 Qc7 10. O-O e5 11. Be3 h6 12. Rad1 exd4 13. Bxd4 Nb6 14. Qe2 Be6 15. b3 Rfd8 16. Be5 Qc8 17. Nd4 Bg4 18. f3 Bh3 19. Bxh3 Qxh3 20. Nf5 Bc5+ 21. Kh1 Nbd7 22. Bd6 Bxd6 23. Nxd6 Rab8 24. f4 Qe6 25. e5 Nd5 26. Nxd5 cxd5 27. Qd3 Nb6 28. Rfe1 f6 29. Nf5 d4 30. Nxd4 Qd5+ 31. Kg1 fxe5 32. Rxe5 Qd6 33. Qe4 Kh8 34. Rd2 Rbc8 35. Nf3 Qc7 36. Rxd8+ Rxd8 37. Kg2 Nd7 38. Re8+ Rxe8 39. Qxe8+ Kh7 40. Qe4+ Kh8 41. Nh4 Nf6 42. Ng6+ Kg8 43. Qe6+ Qf7 44. Ne7+ Kf8 45. Qxf7+ Kxf7 46. Nf5 Nd5 47. Nd6+ Ke6 48. Nxb7 Nb4 49. a4 Nd3 50. Kf3 Kd5 51. Ke3 Nc1 52. Na5 Kc5 53. Kd2 Na2 54. Nc4 Nb4 55. Ne5 Nd5 56. Kd3 Nf6 0-1


[Site "https://www.chess.com"]

[Event "Titled Tuesday Blitz August 24 2021"]
[White "Zhang, Derek"]
[Black "Andreikin, Dmitry"]
[WhiteFideId "2087871"]
[BlackFideId "4158814"]
[WhiteElo "2085"]
[BlackElo "2782"]
[Result "0-1"]
[Round "01"]
[TimeControl "180+1"]
[Date "2021.08.24"]
[WhiteClock "0:00:02"]
[BlackClock "0:00:06"]

1. Nf3 Nf6 2. c4 e6 3. e3 d5 4. Nc3 dxc4 5. Bxc4 a6 6. Qe2 b5 7. Bb3 Bb7 8. a4 b4 9. Nb1 c5 10. d3 Nc6 11. Nbd2 Na5 12. Bc2 Be7 13. Nc4 O-O 14. O-O h6 15. e4 Nd7 16. Be3 Bf6 17. Nfd2 Rc8 18. Rab1 Nxc4 19. Nxc4 Ne5 20. Rfd1 Nc6 21. Bb3 Nd4 22. Bxd4 Bxd4 23. Ne3 Kh8 24. Bc4 Qg5 25. Nc2 Be5 26. Rf1 Rce8 27. g3 Qe7 28. f4 Bc7 29. Qe3 f5 30. h3 e5 31. exf5 exf4 32. Qxe7 Rxe7 33. g4 g6 34. Rbe1 Re5 35. fxg6 Kg7 36. Rxe5 Bxe5 37. Re1 Re8 38. Kf1 Kxg6 39. d4 cxd4 40. Nxd4 Kf6 41. Nf5 Rd8 42. Nxh6 Bxb2 43. h4 Rd2 44. g5+ Kg6 45. Re2 Rd1+ 46. Re1 Bg2+ 47. Ke2 Rd4 48. Bf7+ Kg7 49. Kf2 Rd2+ 50. Kg1 Bd4+ 51. Kh2 Bf1+ 52. Kh1 Bg2+ 53. Kh2 Bd5+ 54. Kh3 Bxf7 55. Nf5+ Kg6 56. Ne7+ Kh5 57. Nf5 Rd3+ 58. Kh2 Bf2 59. Re2 Bxh4 60. Ng7+ Kxg5 61. Rg2+ Bg3+ 62. Kh3 b3 0-1


[Site "https://www.chess.com"]

[Event "Titled Tuesday Blitz August 24 2021"]
[White "Zierk, Steven"]
[Black "Pacheco Lugo, Alejandro Jose"]
[WhiteFideId "2034255"]
[BlackFideId "3903745"]
[WhiteElo "2494"]
[BlackElo "2125"]
[Result "1-0"]
[Round "01"]
[TimeControl "180+1"]
[Date "2021.08.24"]
[WhiteClock "0:02:52"]
[BlackClock "0:02:06"]

1. e4 c5 2. Nf3 d6 3. d4 cxd4 4. Nxd4 Nf6 5. f3 e5 6. Nb3 d5 7. Bg5 dxe4 8. Qxd8+ Kxd8 9. fxe4 Be7 10. Nc3 a6 11. O-O-O Kc7 12. Bxf6 Bxf6 13. Nd5+ Kc6 14. Na5+ Kc5 15. b4+ 1-0


[Site "https://www.chess.com"]

[Event "Titled Tuesday Blitz August 24 2021"]
[White "Zubov, Alexander"]
[Black "Samani, Yamac"]
[WhiteFideId "14109409"]
[BlackFideId "6352634"]
[WhiteElo "2740"]
[BlackElo "2267"]
[Result "1-0"]
[Round "01"]
[TimeControl "180+1"]
[Date "2021.08.24"]
[WhiteClock "0:00:08"]
[BlackClock "0:00:06"]

1. d4 Nf6 2. c4 e6 3. g3 d5 4. Nf3 Be7 5. Bg2 O-O 6. Qc2 dxc4 7. Qxc4 a6 8. Qc2 Nc6 9. O-O Nxd4 10. Nxd4 Qxd4 11. Qxc7 Qd7 12. Qc2 e5 13. Nc3 Rb8 14. Bg5 Qc7 15. Rfc1 Be6 16. Nd5 Qd8 17. Nxe7+ Qxe7 18. Qc7 Qxc7 19. Rxc7 Nd5 20. Rc5 Nb4 21. Rxe5 Rfe8 22. a3 Nc6 23. Bxc6 bxc6 24. Ra5 Rb5 25. Rxb5 cxb5 26. f3 f6 27. Bd2 Bc4 28. e4 Rd8 29. Bc3 Kf7 30. Kf2 Ke6 31. g4 h5 32. gxh5 Rh8 33. Rg1 Rxh5 34. Rxg7 Rxh2+ 35. Ke3 Re2+ 36. Kf4 Rh2 37. Rg6 Rh4+ 38. Kg3 Rh1 39. Rxf6+ Kd7 40. Rxa6 Rg1+ 41. Kf4 Kc7 42. Rf6 Rf1 43. Ke5 1-0


[Site "https://www.chess.com"]

[Event "Titled Tuesday Blitz August 24 2021"]
[White "ketster"]
[Black "Awatramani, Janak"]
[BlackFideId "2608359"]
[WhiteElo "2452"]
[BlackElo "2891"]
[Result "1-0"]
[Round "01"]
[TimeControl "180+1"]
[Date "2021.08.24"]
[WhiteClock "0:00:41"]
[BlackClock "0:00:26"]

1. d4 d5 2. c4 Nf6 3. Nf3 e6 4. g3 b6 5. Bg2 Bb7 6. O-O dxc4 7. Qa4+ Nbd7 8. Qxc4 a6 9. Nc3 b5 10. Qd3 c5 11. Bg5 c4 12. Qc2 Be7 13. e4 h6 14. Bxf6 Nxf6 15. a3 Rc8 16. Rad1 O-O 17. d5 Qb6 18. d6 Bd8 19. Ne5 Rc5 20. Nf3 Nd7 21. Qe2 Bf6 22. Rfe1 Bxc3 23. bxc3 e5 24. Qe3 Rd8 25. Nh4 Rc6 26. Nf5 Qxe3 27. Rxe3 Nc5 28. Ne7+ Kf8 29. Nxc6 Bxc6 30. f4 Nd7 31. Bh3 f6 32. Bxd7 Rxd7 33. fxe5 fxe5 34. Rf3+ Kg8 35. Rf5 Bxe4 36. Rxe5 Bd3 37. Rd5 Kf7 38. Re1 Kf6 39. Kf2 Bf5 40. Re3 g6 41. Kf3 h5 42. Re8 Be6 43. Rd4 Bg4+ 44. Kf2 Bf5 45. Ra8 Ke5 46. Rxa6 Be4 47. Rb6 Rf7+ 48. Ke2 Bd3+ 49. Ke3 1-0


[Site "https://www.chess.com"]

[Event "Titled Tuesday Blitz August 24 2021"]
[White "Aggelis, Nikolaos"]
[Black "Svane, Frederik"]
[WhiteFideId "4213220"]
[BlackFideId "12923044"]
[WhiteElo "2527"]
[BlackElo "2774"]
[Result "1/2-1/2"]
[Round "02"]
[TimeControl "180+1"]
[Date "2021.08.24"]
[WhiteClock "0:01:00"]
[BlackClock "0:00:13"]

1. d4 Nf6 2. g3 c5 3. Nf3 cxd4 4. Nxd4 Nc6 5. Bg2 g6 6. Nxc6 bxc6 7. b3 Bg7 8. Bb2 O-O 9. c4 Qc7 10. O-O d6 11. Nc3 Rb8 12. Rc1 Be6 13. Qd2 Rfd8 14. Rfd1 h5 15. h3 Kh7 16. Kh2 Bh6 17. e3 h4 18. g4 d5+ 19. Kg1 d4 20. Ne4 dxe3 21. Nxf6+ exf6 22. Qc3 exf2+ 23. Kxf2 Bxc1 24. Rxc1 Qf4+ 25. Kg1 c5 26. Qxf6 Qxf6 27. Bxf6 Rd2 28. Re1 Rxa2 29. g5 Rxb3 30. Re4 Rxg2+ 31. Kxg2 Rxh3 32. Re5 Rg3+ 33. Kh2 Rh3+ 34. Kg2 Rg3+ 35. Kh2 Rg4 36. Rxc5 Rxc4 37. Rxc4 Bxc4 38. Kh3 Kg8 39. Kxh4 Kf8 40. Kg3 Ke8 41. Kf2 Kd7 42. Ke3 Kc6 43. Kd4 Kb5 44. Kc3 Be6 45. Kb2 Kb4 46. Ka1 Kb3 47. Kb1 a5 48. Ka1 a4 49. Kb1 Bf5+ 50. Ka1 Be4 51. Be5 Bd5 52. Bf6 Bc4 53. Be5 Be6 54. Bf6 Bd5 55. Be5 a3 56. Bf6 Kc2 57. Be7 a2 58. Bf6 Kb3 59. Be5 f5 60. gxf6 Bf7 61. Bf4 Kc2 62. Bh6 Kd3 63. Bc1 Ke4 64. Bd2 Kf5 65. Bc1 Ke6 66. Bd2 Kf5 67. Bc1 g5 68. Bxg5 Kxg5 69. Kb2 Kxf6 70. Ka1 Ke5 71. Kb2 Kd4 72. Ka1 Kc3 1/2-1/2


[Site "https://www.chess.com"]

[Event "Titled Tuesday Blitz August 24 2021"]
[White "Andreikin, Dmitry"]
[Black "Papasimakopoulos, Alexandros"]
[WhiteFideId "4158814"]
[BlackFideId "4244125"]
[WhiteElo "2782"]
[BlackElo "2352"]
[Result "1-0"]
[Round "02"]
[TimeControl "180+1"]
[Date "2021.08.24"]
[WhiteClock "0:00:19"]
[BlackClock "0:00:05"]

1. Nf3 f5 2. d4 Nf6 3. Bg5 e6 4. Nbd2 Be7 5. Bxf6 Bxf6 6. e4 d5 7. e5 Be7 8. c4 c6 9. Bd3 b6 10. Qc2 Ba6 11. cxd5 Bxd3 12. Qxd3 Qxd5 13. O-O c5 14. Nc4 cxd4 15. Rac1 O-O 16. Qxd4 Rd8 17. Rfd1 Qxd4 18. Nxd4 Kf7 19. g3 Na6 20. Nb5 Nb4 21. Ncd6+ Bxd6 22. Nxd6+ Kg6 23. Rc4 Nd5 24. g4 f4 25. Kg2 h5 26. gxh5+ Kxh5 27. Kf3 g5 28. Ke4 f3 29. Rxd5 exd5+ 30. Kxd5 Kg6 31. e6 Kf6 32. Rc7 Rh8 33. Rf7+ Kg6 34. Rxf3 Rxh2 35. e7 Rhh8 36. Re3 Rh2 37. Re2 g4 38. e8=Q+ Rxe8 39. Nxe8 g3 40. Re6+ Kf7 41. Nd6+ Kf8 42. Ne4 g2 43. Rg6 Kf7 44. Rg3 Ke7 45. a4 Kd7 46. Rg7+ Ke8 47. b4 Kf8 48. Rg3 Kf7 49. b5 Kf8 50. Ke6 Rh4 51. Nf6 Rh8 52. Rxg2 1-0


[Site "https://www.chess.com"]

[Event "Titled Tuesday Blitz August 24 2021"]
[White "Avramidou, Anastasia"]
[Black "Colas, Joshua"]
[WhiteFideId "4239873"]
[BlackFideId "2044447"]
[WhiteElo "2183"]
[BlackElo "2347"]
[Result "1/2-1/2"]
[Round "02"]
[TimeControl "180+1"]
[Date "2021.08.24"]
[WhiteClock "0:00:28"]
[BlackClock "0:00:23"]

1. c4 c5 2. Nc3 Nc6 3. g3 g6 4. Bg2 Bg7 5. Nf3 d6 6. O-O Nh6 7. e3 e5 8. Rb1 O-O 9. a3 Be6 10. d3 f5 11. Qc2 Rc8 12. b4 b6 13. Rd1 Nf7 14. b5 Ne7 15. a4 d5 16. cxd5 Nxd5 17. Nxd5 Bxd5 18. Bb2 Qe7 19. Ba1 Qe6 20. e4 Ba8 21. exf5 gxf5 22. Re1 e4 23. Bxg7 Kxg7 24. Qb2+ Qf6 25. dxe4 Bxe4 26. Qxf6+ Kxf6 27. Rbc1 Bxf3 28. Bxf3 Ne5 29. Be2 Rfd8 30. Rc3 Rd4 31. Ra1 Rd2 32. Bf1 Rcd8 33. a5 Rd1 34. Rca3 Rxa1 35. Rxa1 c4 36. f4 Nd3 37. axb6 axb6 38. Rd1 Ke6 39. h3 h5 40. Be2 h4 41. gxh4 Rd5 42. Bxd3 cxd3 43. Kf2 Rd4 44. Ke3 Re4+ 45. Kf3 Rd4 46. Ke3 Re4+ 47. Kf3 Rd4 48. Ke3 1/2-1/2


[Site "https://www.chess.com"]

[Event "Titled Tuesday Blitz August 24 2021"]
[White "Bai, Adelard"]
[Black "Urazayev, Arystanbek"]
[WhiteFideId "16301188"]
[BlackFideId "13709810"]
[WhiteElo "2550"]
[BlackElo "2829"]
[Result "1-0"]
[Round "02"]
[TimeControl "180+1"]
[Date "2021.08.24"]
[WhiteClock "0:00:22"]
[BlackClock "0:00:12"]

1. d4 d5 2. Nf3 Nf6 3. Bf4 e6 4. e3 c5 5. Nbd2 Nc6 6. c3 Nh5 7. Be5 f6 8. Bg3 g6 9. Bd3 cxd4 10. exd4 Bh6 11. Qe2 O-O 12. O-O Nxg3 13. hxg3 Qd6 14. Rfe1 Bd7 15. Nf1 Rae8 16. Rad1 Kg7 17. N1h2 e5 18. dxe5 fxe5 19. Bb5 e4 20. Nd4 Ne5 21. Bxd7 Qxd7 22. Qb5 Qxb5 23. Nxb5 Nd3 24. Re2 Bg5 25. Nc7 Re5 26. Rxd3 exd3 27. Rxe5 Rd8 28. Ne6+ Kf6 29. Ng4+ Ke7 30. Nxd8+ Kd6 31. Nf7+ Kc5 32. Nxg5 d2 33. Ne3 1-0


[Site "https://www.chess.com"]

[Event "Titled Tuesday Blitz August 24 2021"]
[White "Batsuren, Dambasuren"]
[Black "Nefedov, Sergey"]
[WhiteFideId "4902920"]
[BlackFideId "24113417"]
[WhiteElo "2371"]
[BlackElo "2380"]
[Result "1/2-1/2"]
[Round "02"]
[TimeControl "180+1"]
[Date "2021.08.24"]
[WhiteClock "0:00:13"]
[BlackClock "0:00:06"]

1. d4 Nf6 2. c4 e6 3. Nc3 d5 4. cxd5 exd5 5. Bg5 c6 6. e3 Be7 7. Bd3 Nbd7 8. Qc2 Nh5 9. Bxe7 Qxe7 10. Nge2 g6 11. Rb1 f5 12. b4 a6 13. a4 Ndf6 14. O-O O-O 15. b5 axb5 16. axb5 Ne4 17. bxc6 bxc6 18. Na4 Ba6 19. Nb6 Bxd3 20. Qxd3 Ra2 21. Rfc1 f4 22. Rxc6 fxe3 23. Qxe3 Rxf2 24. Nxd5 Qf8 25. Rc8 Qxc8 26. Ne7+ Kg7 27. Nxc8 Raxe2 28. Rb7+ Kh8 29. Qxe4 Rxe4 30. Kxf2 Rxd4 31. Ne7 Rf4+ 32. Ke3 Rf8 33. g4 Nf6 34. Kf4 Nd5+ 35. Kg5 Nxe7 36. Rxe7 Rf2 37. h4 Rh2 38. Kf6 Rf2+ 39. Kg5 Rh2 40. Ra7 Kg8 41. Ra8+ Kg7 42. Ra7+ Kg8 43. Kf6 Rf2+ 44. Kg5 Rh2 1/2-1/2


[Site "https://www.chess.com"]

[Event "Titled Tuesday Blitz August 24 2021"]
[White "Biletskiy, Danylo"]
[Black "Darini, Pouria"]
[WhiteFideId "14155419"]
[BlackFideId "12502200"]
[WhiteElo "2099"]
[BlackElo "2489"]
[Result "0-1"]
[Round "02"]
[TimeControl "180+1"]
[Date "2021.08.24"]
[WhiteClock "0:00:17"]
[BlackClock "0:00:49"]

1. e4 c5 2. Nf3 d6 3. d4 cxd4 4. Nxd4 Nf6 5. Nc3 a6 6. Bg5 Nbd7 7. Bc4 Qa5 8. Qd2 e6 9. f3 b5 10. Bb3 Bb7 11. g4 b4 12. Nce2 d5 13. exd5 Nxd5 14. O-O-O Nc5 15. Kb1 Nxb3 16. Nxb3 Qc7 17. Nf4 Bd6 18. Nh5 f6 19. Bh4 O-O 20. Rhe1 Rae8 21. Bg3 e5 22. Bf2 a5 23. Ng3 a4 24. Nc1 a3 25. Ne4 axb2 26. Kxb2 Ra8 27. Nxd6 Qxd6 28. Nb3 Qa6 29. Ra1 Qa3+ 30. Kb1 Nc3+ 0-1


[Site "https://www.chess.com"]

[Event "Titled Tuesday Blitz August 24 2021"]
[White "Bobkov, Vadim"]
[Black "Fedoseev, Vladimir"]
[WhiteFideId "34110876"]
[BlackFideId "24130737"]
[WhiteElo "2117"]
[BlackElo "2756"]
[Result "0-1"]
[Round "02"]
[TimeControl "180+1"]
[Date "2021.08.24"]
[WhiteClock "0:00:01"]
[BlackClock "0:00:16"]

1. d4 g6 2. c4 Bg7 3. Nc3 d6 4. e4 Nc6 5. Be3 e5 6. d5 Nce7 7. h4 f5 8. f3 Bh6 9. Bxh6 Nxh6 10. Qd2 Nf7 11. h5 f4 12. hxg6 Nxg6 13. Nge2 h5 14. g3 Ng5 15. O-O-O Nxf3 16. Qd3 Bg4 17. gxf4 exf4 18. Bh3 Qf6 19. Nb5 Nfe5 20. Qc2 O-O 21. Nbd4 f3 22. Nc3 f2 23. Rdf1 Qf4+ 24. Kb1 Nxc4 25. Ne6 Qe3 26. e5 Ncxe5 27. Bxg4 hxg4 28. Ne4 g3 29. Nxg3 Qxg3 30. Qxc7 Rf7 31. Qxd6 Rd7 32. Qc5 Qd3+ 33. Ka1 Ng4 34. Rh4 Nxh4 35. Qb4 Qxf1+ 0-1


[Site "https://www.chess.com"]

[Event "Titled Tuesday Blitz August 24 2021"]
[White "Borsuk, Konstantin"]
[Black "Zubov, Alexander"]
[WhiteFideId "14113406"]
[BlackFideId "14109409"]
[WhiteElo "2382"]
[BlackElo "2740"]
[Result "0-1"]
[Round "02"]
[TimeControl "180+1"]
[Date "2021.08.24"]
[WhiteClock "0:00:01"]
[BlackClock "0:00:47"]

1. d4 Nf6 2. c4 g6 3. f3 e6 4. e4 d5 5. e5 Nh5 6. Be3 c5 7. cxd5 exd5 8. Bb5+ Nc6 9. dxc5 Bg7 10. f4 Qh4+ 11. Kf1 Nxf4 12. g3 Qh5 13. Qxh5 Nxh5 14. Nc3 O-O 15. Nxd5 Bxe5 16. Nf3 Bxb2 17. Rb1 Bg7 18. Kf2 Be6 19. Rhd1 Nf6 20. Nxf6+ Bxf6 21. Bxc6 bxc6 22. Bd4 Bxd4+ 23. Nxd4 Bxa2 24. Rb7 Bd5 25. Rdb1 a5 26. Ne2 a4 27. Nc3 Bb3 28. Re1 Rfb8 0-1


[Site "https://www.chess.com"]

[Event "Titled Tuesday Blitz August 24 2021"]
[White "Delorme, Alban"]
[Black "Mikhailovsky, Vladimir"]
[WhiteFideId "623636"]
[BlackFideId "34105414"]
[WhiteElo "2197"]
[BlackElo "2315"]
[Result "1-0"]
[Round "02"]
[TimeControl "180+1"]
[Date "2021.08.24"]
[WhiteClock "0:00:22"]
[BlackClock "0:00:03"]

1. d4 Nf6 2. Nc3 d5 3. Bg5 c6 4. Qd3 Nbd7 5. e4 dxe4 6. Nxe4 Nxe4 7. Qxe4 g6 8. Bd3 Bg7 9. Nf3 Nf6 10. Qe2 O-O 11. O-O-O Qa5 12. Kb1 Be6 13. c4 b5 14. Ne5 bxc4 15. Bxc4 Bd5 16. f3 Rab8 17. Ka1 Rb6 18. Rc1 Rfb8 19. Rc2 Qa4 20. Rb1 Rb4 21. b3 Qa3 22. Bxd5 Nxd5 23. Bc1 Qa5 24. Nxc6 Qb6 25. Bb2 a5 26. Rbc1 a4 27. Nxb8 Bxd4 28. Rc8+ Kg7 29. Bxd4+ Qxd4+ 30. Qb2 axb3 31. Qxd4+ Rxd4 32. axb3 Rd2 33. R8c2 Rd3 34. Kb2 Nb4 35. Re2 e5 36. Nc6 Nd5 37. Nxe5 Rd4 38. Nc4 Nf4 39. Rd2 Nd3+ 40. Kc3 Nxc1 41. Rxd4 Ne2+ 42. Kd3 Nxd4 43. Kxd4 1-0


[Site "https://www.chess.com"]